 Dungeon Crawl Stone Soup version 0.29-a0-1043-g569b05d6ff (webtiles) character file.

Game seed: 17793134656505242266

11 ytrimaz the Insei (level 2, -1/21 HPs)
             Began as a Demonspawn Transmuter on Aug 15, 2022.
             Succumbed to an adder's poison
             ... on level 2 of the Dungeon.
             The game lasted 00:00:37 (473 turns).

ytrimaz the Insei (Demonspawn Transmuter)            Turns: 473, Time: 00:00:37

Health: -1/21      AC:  2    Str: 10    XL:     2   Next: 17%
Magic:  4/5        EV: 12    Int: 14    God:
Gold:   0          SH:  0    Dex: 13    Spells: 4/5 levels left

rFire   . . .      SeeInvis .     - Unarmed
rCold   . . .      Faith    .   (no shield)
rNeg    . . .      Spirit   .   a - +0 robe
rPois   .          Reflect  .   (helmet currently unavailable)
rElec   .          Harm     .   (no cloak)
rCorr   .          Rampage  .   (no gloves)
Will    .....                   (boots currently unavailable)
Stlth   +.........              (no amulet)
HPRegen 0.07/turn               (no ring)
MPRegen 0.09/turn               (no ring)

@: lethally poisoned (-1 -> -7), appendages (expiring), attractive
A: horns 2, talons 2, powered by pain 1
a: End Transformation


You were on level 2 of the Dungeon.
You had temporarily grown beastly horns and talons.
You visited 1 branch of the dungeon, and saw 2 of its levels.

Inventory:

Armour
 a - a +0 robe (worn)
Scrolls
 d - a scroll of teleportation {unknown}
 e - a scroll of immolation {unknown}
 f - a scroll of identify {unknown}
Potions
 b - a potion of lignification
 g - a potion of might {unknown}


   Skills:
 - Level 1.0 Fighting
 - Level 1.7 Dodging
 + Level 3.0 Unarmed Combat
 * Level 2.2 Spellcasting
 * Level 2.0 Transmutations


You had 4 spell levels left.
You knew the following spells:

 Your Spells              Type           Power      Damage    Failure   Level
a - Beastly Appendage     Tmut           14%        N/A       10%         1

Your spell library contained the following spells:

 Spells                   Type           Power      Damage    Failure   Level
 Wereblood                Tmut           7%         N/A       16%         2
 Spider Form              Tmut/Pois      4%         N/A       43%         3
 Ice Form                 Ice/Tmut       4%         N/A       83%         4


Dungeon Overview and Level Annotations

Branches:
Dungeon (1/15)

Altars:


Innate Abilities, Weirdness & Mutations

You have temporarily grown beastly horns and talons.
You sometimes gain a little power by taking damage.


Message History

Your horns disappear.
Your talons disappear.
A sourceless malevolence fills the Dungeon...
You fall into a shaft and drop 1 floor!
The shaft crumbles and collapses.
An adder comes into view.
An adder is nearby!
Unknown command.
The adder hisses angrily.
You closely miss the adder. The adder bites you.
You are poisoned.
The adder poisons you!
You grow a pair of large bovine horns.
Your feet morph into talons.
Your transformation is almost over.
You feel sick. The adder closely misses you.
You closely miss the adder. You claw the adder.
The adder is lightly wounded.
You feel sick. The adder bites you.
You are more poisoned.
The adder poisons you!
You hit the adder. You claw the adder.
The adder is heavily wounded.
You feel sick. The adder closely misses you. The adder bites you.
You are lethally poisoned!
The adder poisons you!
You hit the adder but do no damage.
The adder is heavily wounded.
You feel sick. The adder bites you.
You closely miss the adder. You claw the adder.
The adder is severely wounded.
* * * LOW HITPOINT WARNING * * *
You feel sick. The adder closely misses you.
You hit the adder but do no damage. You claw the adder.
The adder is severely wounded.
* * * LOW HITPOINT WARNING * * *
You feel sick. The adder bites you.
* * * LOW HITPOINT WARNING * * *
Unknown command.
It was a potion of attraction.
You feel attractive to monsters.
You die...

#....# #....#
#....# #....#
#....# #....#
#....#
#####....#####.
.......@.......
#####..S.#####.
##.### .. .#.
.... .# .. ..
#..


You could see an adder.

Vanquished Creatures
  3 ball pythons (D:1)
  An endoplasm (D:1)
  2 goblins (D:1)
  2 kobolds (D:1)
  A rat (D:1)
9 creatures vanquished.

Notes
Turn   | Place    | Note
-------+----------+-------------------------------------------
     0 | D:1      | ytrimaz the Demonspawn Transmuter began the quest for the
                  | Orb.
     0 | D:1      | Reached XP level 1. HP: 15/15 MP: 3/3
   207 | D:1      | Reached skill level 3 in Unarmed Combat
   207 | D:1      | Gained mutation: You sometimes gain a little power by
                  | taking damage. [demonic ancestry]
   207 | D:1      | Reached XP level 2. HP: 14/21 MP: 3/5
   461 | D:1      | You fall into a shaft and drop 1 floor!
   472 | D:2      | HP: 1/21 [adder (2)]
   473 | D:2      | Succumbed to an adder's poison

Illustrated notes

Levels and vault maps discovered:
D:1:      amcnicky_arrival_single_pillar, layout_basic
D:2:      layout_rooms, hellmonk_ecumenical_altar_heavens_door, moated_statue

Skill      XL: |  1 |
---------------+----+-----
Unarmed Combat | 3 |  3.0
Transmutations | 2 |  2.0
Fighting       | |  1.0
Dodging        | |  1.7
Spellcasting   | |  2.2

Action                   || total
-------------------------++-------
Melee: Unarmed           ||    26
       Kick              ||     9
       Headbutt          ||     2
 Cast: Beastly Appendage ||     7
  Use: Potion            ||     1
Armor: Robe              ||     5
Dodge: Dodged            ||    16

Table legend: (Time is in decaauts)
 A = Elapsed time spent in this place.
 B = Non-inter-level travel time spent in this place.
 C = Inter-level travel time spent in this place.
 D = Time resting spent in this place.
 E = Time spent auto-exploring this place.
 F = Levels seen in this place.
 G = Mean time per level.
                   A        B        C        D        E       F      G
               +--------+--------+--------+--------+--------+-----+--------+
         Total |    470 |    470 |      0 |      0 |    395 |   2 |  235.0 |
       Dungeon |    470 |    470 |      0 |      0 |    395 |   2 |  235.0 |
               +--------+--------+--------+--------+--------+-----+--------+

Top non-repeatable levels by time:
     D:1: 459 daAuts
     D:2: 11 daAuts
